 Dungeon Crawl Stone Soup version 0.20.1-1-g8b1a95d (webtiles) character file.

25515 Andry07 the Fighter (level 13, -11/89 HPs)
             Began as a Gargoyle Fighter on Oct 25, 2017.
             Was a High Priest of Okawaru.
             Killed from afar by an ice statue (26 damage)
             ... with a bolt of cold
             ... in an ice cave.
             The game lasted 00:39:15 (13648 turns).

Andry07 the Fighter (Gargoyle Fighter)             Turns: 13648, Time: 00:39:16

Health: -11/89     AC: 30    Str: 28    XL:     13   Next: 20%
Magic:  18/20      EV: 12    Int:  9    God:    Okawaru [*****.]
Gold:   696        SH: 13    Dex: 11    Spells: 3/12 levels left

rFire    . . .     SeeInvis +   F - +2 flail (crush)
rCold    . . .     Gourm    .   c - +0 shield
rNeg     + . .     Faith    .   U - +1 scale mail "Zisyh" {rCorr}
rPois    ∞         Spirit   .   O - +0 helmet
rElec    +         Reflect  .   x - +0 cloak
rCorr    +         Harm     .   Y - +1 pair of gloves {Str+3}
MR       .....                  I - +2 pair of boots
Stlth    +.........             y - amulet of regeneration
Regen    0.7/turn               D - +2 ring of dexterity
MPRegen  0.2/turn               b - ring of see invisible

@: about to teleport, heroism
A: negative energy resistance 1, electricity resistance, unbreathing,
petrification resistance, rot immunity, AC +9
a: Heroism, Finesse, Renounce Religion


You were in an ice cave.
You worshipped Okawaru.
Okawaru was extremely pleased with you.
You were near starving.

You visited 3 branches of the dungeon, and saw 16 of its levels.
You also visited: Ice Cave.

You collected 836 gold pieces.
You spent 140 gold pieces at shops.

Inventory:

Hand Weapons
 F - a +2 flail of crushing (weapon)
Missiles
 j - 5 steel javelins (quivered)
Armour
 c - a +0 shield (worn)
 x - a +0 cloak (worn)
 I - a +2 pair of boots (worn)
 O - a +0 helmet (worn)
 U - the +1 scale mail "Zisyh" (worn) {rCorr}
   (Okawaru gifted it to you on level 8 of the Dungeon)

   It protects you from acid and corrosion.
 Y - a +1 pair of gloves of strength (worn)
Jewellery
 b - a ring of see invisible (right hand)
 y - an amulet of regeneration (around neck)
 D - a +2 ring of dexterity (left hand)
 R - an uncursed ring of protection from fire
 W - an uncursed ring of resist corrosion
Wands
 k - a wand of digging (16/24)
 r - a wand of disintegration (6/24)
 K - a wand of digging (13/24)
 S - a wand of polymorph (17/24)
Scrolls
 e - 13 scrolls of remove curse
 l - 13 scrolls of teleportation
 m - 3 scrolls of magic mapping
 o - 2 scrolls of recharging
 q - 4 scrolls of enchant weapon
 u - 3 scrolls of immolation
 v - a scroll of blinking {unknown}
 A - 2 scrolls of fog
 B - 3 scrolls of amnesia
 C - 3 scrolls of enchant armour {unknown}
 G - 2 scrolls of silence {unknown}
 M - a scroll of noise {unknown}
 P - 2 scrolls of fear {unknown}
 Q - 2 scrolls of random uselessness {unknown}
 Z - a scroll of summoning {unknown}
Potions
 d - 5 potions of might
 g - 5 potions of mutation
 i - 5 potions of curing
 n - 4 potions of flight
 s - 4 potions of lignification
 w - a potion of invisibility
 z - 3 potions of cancellation
 E - 3 potions of haste
 J - a potion of resistance {unknown}
 L - 3 potions of agility
 N - a potion of magic
 T - 2 potions of brilliance
 V - a potion of ambrosia {unknown}
Books
 H - a book of Minor Magic

   Spells                             Type                      Level
   a - Magic Dart                     Conjuration                  1
   b - Blink                          Translocation                2
   c - Call Imp                       Summoning                    2
   d - Slow                           Hexes                        2
   e - Conjure Flame                  Conjuration/Fire             3
   f - Mephitic Cloud                 Conjuration/Poison/Air       3
 X - a book of Battle

   Spells                             Type                      Level
   a - Infusion                       Charms                       1
   b - Shroud of Golubria             Charms/Translocation         2
   c - Song of Slaying                Charms                       2
   d - Spectral Weapon                Hexes/Charms                 3
   e - Regeneration                   Charms/Necromancy            3
Comestibles
 a - 27 fruits
 f - 8 bread rations
 p - 15 meat rations
 t - 9 royal jellies


   Skills:
 + Level 13.9(18.9) Fighting
 - Level 10.3(15.3) Maces & Flails
 - Level 11.6(16.6) Armour
 + Level 6.4(11.4) Shields
 - Level 10.3 Invocations


You had 3 spell levels left.
You knew the following spells:

 Your Spells              Type           Power        Failure   Level  Hunger
a - Blink                 Tloc           N/A          86%         2    ###....
b - Shroud of Golubria    Chrm/Tloc      #.........   86%         2    ###....
c - Song of Slaying       Chrm           #.......     86%         2    ###....
d - Regeneration          Chrm/Necr      #.........   97%         3    ####...


Dungeon Overview and Level Annotations

Branches:
Dungeon (10/15)            Temple (1/1) D:4            Lair (5/6) D:8
 Shoals (0/4) Lair:4        Snake (0/4) Lair:4
  Slime: Lair:5-6       Orc: D:9-12

Altars:
Ashenzari
Cheibriados
Dithmenos
Elyvilon
Fedhas
Gozag
Hepliaklqana
Kikubaaqudgha
Makhleb
Nemelex Xobeh
Okawaru
Qazlal
Ru
Sif Muna
Trog
Uskayaw
Vehumet
Xom
Yredelemnul
Zin
The Shining One

Shops:
D:4 %   D:6 ?   D:8 *   D:9 :

Annotations:
IceCv exclusion: ice statue


Innate Abilities, Weirdness & Mutations

You are resistant to torment.
Your stone body is resilient. (AC +9)
You are immune to poison.
You resist negative energy. (rN+)
You are resistant to electric shocks. (rElec)
You can survive without breathing.
You are immune to petrification.
You are immune to rotting.


Message History

The bolt of cold hits you!
* * * LOW HITPOINT WARNING * * *
The bolt of cold hits the ice beast.
The ice beast completely resists.
You feel much better.
You are engulfed in freezing vapours.
You block the ice beast's attack. The ice beast misses you.
The ice beast hits you but does no damage.
As you read the scroll of teleportation, it crumbles to dust.
You feel strangely unstable.
You are engulfed in freezing vapours.
* * * LOW HITPOINT WARNING * * *
You block the ice beast's attack. x2
The ice beast hits you but does no damage.
The ice statue gestures at you. The shard of ice hits you!
* * * LOW HITPOINT WARNING * * *
You feel much better.
You are engulfed in freezing vapours.
* * * LOW HITPOINT WARNING * * *
You block the ice beast's attack. x2; The ice beast barely misses you.
The ice statue gestures at you. The bolt of cold hits you!
You die...

### #.# #.# #.# #### ####
#.##.#.## ##..## ####
#8Y.§§..##
##....#####..###@Y.§§...#
#.......##...≈##Y§≈§§...#
#.∩.∩...§§§§#..§§.§.....#
#........§§###§§..§§...#
##....##.§.# ###.......#
##..######§§# ##......#
#### §§§##.......#
##§§##.....## #§§#....##


You could see an ice statue and 3 ice beasts.

Vanquished Creatures
  5 hydras
  4 elephants (Lair:5)
  An ice statue (IceCv)
  3 black mambas
  9 spiny frogs
  3 komodo dragons
  3 ice devils
  3 trolls (D:9)
  4 hippogriffs
  14 blink frogs
  20 yaks
  A basilisk (D:8)
  A vampire (D:9)
  3 wyverns
  A hungry ghost (D:9)
  2 nagas (Lair:4)
  Edmund (D:4)
  9 water moccasins
  An orc warrior (D:6)
  5 porcupines
  An ice beast (D:9)
  A swamp drake (D:8)
  3 black bears
  A phantom (D:6)
  A necrophage (D:9)
  7 wolves (Lair:2)
  3 ogres
  4 centaurs
  8 crocodiles
  A big kobold (D:8)
  10 bullfrogs
  3 gnoll sergeants
  A wyvern skeleton (D:9)
  A water moccasin skeleton (D:5)
  4 scorpions
  12 killer bees
  3 howler monkeys
  3 electric eels (Lair:1)
  A crimson imp (D:9)
  A gnoll shaman (D:5)
  A bullfrog zombie (D:5)
  5 jellies
  4 orc priests
  Crazy Yiuf (D:4)
  8 hounds
  2 bullfrog skeletons
  A centaur skeleton (D:4)
  8 orc wizards
  3 worker ants
  Terence (D:2)
  2 iguanas
  A worker ant zombie (D:5)
  25 gnolls
  10 adders
  2 shadow imps
  3 white imps (IceCv)
  An ufetubus (IceCv)
  2 adder zombies
  5 worms
  2 dart slugs
  5 leopard geckos
  42 orcs
  2 giant cockroaches
  8 goblins
  8 hobgoblins
  9 jackals
  15 kobolds
  7 quokkas
  9 bats
  4 frilled lizards
  3 leopard gecko zombies
  13 rats
374 creatures vanquished.

Vanquished Creatures (others)
  5 white imps (IceCv)
  6 ufetubi (IceCv)
  An orc (D:8)
  3 fungi (Lair:4)
15 creatures vanquished.

Grand Total: 389 creatures vanquished

Notes
Turn   | Place    | Note
-------+----------+-------------------------------------------
     0 | D:1      | Andry07 the Gargoyle Fighter began the quest for the Orb.
     0 | D:1      | Reached XP level 1. HP: 14/14 MP: 1/1
   120 | D:1      | Reached XP level 2. HP: 20/20 MP: 2/2
   210 | D:1      | Reached skill level 4 in Fighting
   361 | D:1      | Reached XP level 3. HP: 22/24 MP: 3/3
   907 | D:2      | Reached XP level 4. HP: 27/30 MP: 4/4
   942 | D:2      | Noticed Terence
   950 | D:2      | Killed Terence
  1189 | D:3      | Reached skill level 5 in Fighting
  1444 | D:3      | Reached XP level 5. HP: 24/35 MP: 5/5
  2260 | D:4      | Noticed an ogre
  2265 | D:4      | Killed an ogre
  2265 | D:4      | Reached skill level 6 in Fighting
  2265 | D:4      | Reached XP level 6. HP: 34/41 MP: 6/6
  2350 | D:4      | Found Vennetou's Food Shop.
  2351 | D:4      | Found a staircase to the Ecumenical Temple.
  2366 | Temple   | Entered the Ecumenical Temple
  2523 | Temple   | Became a worshipper of Warmaster Okawaru
  2569 | D:4      | Noticed Edmund
  2662 | D:4      | Killed Edmund
  2706 | D:4      | Found a bloodstained altar of Trog.
  2814 | D:4      | Reached skill level 7 in Fighting
  2814 | D:4      | Reached XP level 7. HP: 35/48 MP: 7/7
  2900 | D:4      | Found a runed door.
  3092 | D:4      | Noticed Crazy Yiuf
  3096 | D:4      | Killed Crazy Yiuf
  3096 | D:4      | Reached * piety under Okawaru
  3143 | D:5      | Entered Level 5 of the Dungeon
  3284 | D:5      | Reached skill level 5 in Maces & Flails
  3313 | D:5      | Reached skill level 8 in Fighting
  3619 | D:5      | Reached XP level 8. HP: 50/55 MP: 8/8
  3701 | D:5      | Reached ** piety under Okawaru
  3901 | D:5      | Reached skill level 9 in Fighting
  4441 | D:6      | Found Qeuxzom's Magic Scroll Shop.
  4444 | D:6      | Bought a scroll of teleportation for 42 gold pieces
  4444 | D:6      | Bought a scroll of remove curse for 42 gold pieces
  4444 | D:6      | Bought a scroll of fog for 28 gold pieces
  4444 | D:6      | Bought a scroll of identify for 28 gold pieces
  4763 | D:6      | Reached skill level 5 in Armour
  5073 | D:6      | Reached *** piety under Okawaru
  5073 | D:6      | Reached XP level 9. HP: 56/60 MP: 9/9
  5221 | D:6      | Received a gift from Okawaru
  5835 | D:7      | Received a gift from Okawaru
  6717 | D:8      | Reached XP level 10. HP: 62/66 MP: 10/10
  6736 | D:8      | Reached **** piety under Okawaru
  6805 | D:8      | Found a staircase to the Lair.
  7018 | D:8      | Found Kysyw's Elemental Accessories.
  7251 | D:9      | Reached skill level 10 in Maces & Flails
  7520 | D:9      | Found Eqoth's Book Shop.
  7786 | D:10     | Entered Level 10 of the Dungeon
  7925 | D:9      | Reached skill level 10 in Armour
  8192 | D:10     | Reached ***** piety under Okawaru
  8342 | D:10     | Found a snail-covered altar of Cheibriados.
  8478 | D:10     | Reached skill level 10 in Fighting
  8685 | D:10     | Noticed a two-headed ogre
  8732 | D:9      | Reached XP level 11. HP: 72/72 MP: 8/11
  8927 | Lair:1   | Entered Level 1 of the Lair of Beasts
  8930 | Lair:1   | Noticed a six-headed hydra
  8947 | D:8      | Killed a six-headed hydra
  8947 | D:8      | Received a gift from Okawaru
  8952 | D:8      | Got a fine scale mail {god gift}
  8963 | D:8      | Identified the +1 scale mail "Zisyh" {rCorr} (Okawaru gifted it to you on level 8 of the Dungeon)
  9049 | Lair:1   | Noticed a six-headed hydra
  9063 | Lair:1   | Killed a six-headed hydra
  9063 | Lair:1   | Reached skill level 11 in Fighting
  9161 | Lair:1   | Reached skill level 1 in Invocations
  9609 | Lair:1   | Noticed an eight-headed hydra
  9672 | Lair:2   | Noticed a five-headed hydra
  9682 | Lair:2   | Killed a five-headed hydra
  9817 | Lair:2   | Reached skill level 12 in Fighting
  9844 | Lair:2   | Reached skill level 5 in Invocations
  9998 | Lair:2   | Reached XP level 12. HP: 74/81 MP: 14/16
 10702 | Lair:1   | Killed an eight-headed hydra
 11076 | Lair:2   | Received a gift from Okawaru
 11208 | Lair:3   | Received a gift from Okawaru
 11312 | Lair:3   | Found a sparkling altar of Nemelex Xobeh.
 12120 | Lair:3   | Reached skill level 10 in Invocations
 12199 | Lair:4   | Reached skill level 13 in Fighting
 12311 | Lair:4   | Noticed an eight-headed hydra
 12331 | Lair:3   | Killed an eight-headed hydra
 12443 | Lair:4   | Received a gift from Okawaru
 12473 | Lair:4   | Found a staircase to the Snake Pit.
 12609 | Lair:4   | Found a staircase to the Shoals.
 13077 | Lair:5   | Reached skill level 5 in Shields
 13077 | Lair:5   | Reached XP level 13. HP: 60/88 MP: 20/20
 13194 | Lair:5   | Learned a level 2 spell: Blink
 13197 | Lair:5   | Learned a level 2 spell: Shroud of Golubria
 13200 | Lair:5   | Learned a level 2 spell: Song of Slaying
 13204 | Lair:5   | Learned a level 3 spell: Regeneration
 13400 | Lair:5   | Found a frozen archway.
 13467 | IceCv    | Entered an ice cave
 13648 | IceCv    | Killed from afar by an ice statue

Skill      XL: |  1  2  3  4  5  6  7  8  9 10 11 12 13 |
---------------+----------------------------------------+-----
Fighting       | 4 5 6 7 8 9 10 12 13 | 13.9
Maces & Flails | 3 4 5 7 9 10 | 10.3
Armour         | 5 8 10 11 | 11.6
Invocations    | 5 10 | 10.3
Shields        | 5 6 |  6.4

Action                   |  1- 3 |  4- 6 |  7- 9 | 10-12 | 13-15 || total
-------------------------+-------+-------+-------+-------+-------++-------
Melee: Flail             |   140 |   255 |   416 |   863 |   116 ||  1790
Throw: Javelin           |       |       |       |     3 |       ||     3
Invok: Heroism           |       |       |       |    11 |     3 ||    14
       Finesse           |       |       |       |     2 |       ||     2
Evoke: Wand              |       |       |       |       |     2 ||     2
  Use: Scroll            |       |       |     6 |    10 |     2 ||    18
       Potion            |       |       |       |       |     2 ||     2
  Eat: Chunk             |       |     7 |    12 |    19 |     2 ||    40
       Fruit             |       |       |       |     7 |       ||     7
Armor: Scale mail        |   113 |   159 |   267 |   653 |    82 ||  1274
Dodge: Dodged            |    68 |    98 |   144 |   312 |    47 ||   669
Block: Shield            |    89 |   155 |   210 |   502 |    67 ||  1023
